[Event "Your Next Move GCT 2017-Blitz"]
[Site "Leuven"]
[Date "2017.07.01"]
[Round "9"]
[White "Ivanchuk, Vassily"]
[Black "Jobava, Baadur"]
[Result "1/2-1/2"]
[ECO "D10"]
[WhiteElo "2768"]
[BlackElo "2734"]
[Annotator ""]
[PlyCount "60"]
[EventDate "2017.??.??"]
[EventType "blitz"]
[EventCountry "BEL"]
[SourceTitle "playchess.com"]
[Source "ChessBase"]
[SourceQuality "1"]
[TimeControl "300+3"]

1. d4 {()} d5 {(3)} 2. c4 {(3)} c6 {(
03)} 3. cxd5 {(3)} cxd5 {(3)} 4. Nc3 {(3)}
Nc6 {(3)} 5. Nf3 {(3)} Bf5 {(3)} 6. e3 {
(3)} Nf6 {(3)} 7. Bd3 {(3)} Bxd3 {(
03)} 8. Qxd3 {(3)} e6 {(3)} 9. O-O {(3)} Bd6 {
(3)} 10. Bd2 {(3)} O-O {(3)} 11. Rfc1 {
(3)} Qd7 {(3)} 12. h3 {(3)} Rfc8 {(
03)} 13. Ne2 {(3)} Ne7 {(3)} 14. Rxc8+ {(15)}
Rxc8 {(3)} 15. Rc1 {(3)} Rxc1+ {(3)} 16. Nxc1
{(3)} Qc8 {(3)} 17. Qc3 {(4)} Qxc3 {(
03)} 18. Bxc3 {(3)} Nd7 {(3)} 19. Kf1 {(3)}
f6 {(3)} 20. Ne1 {(10)} Kf7 {(3)} 21. Nc2 {
(3)} Nc8 {(3)} 22. Bb4 {(3)} Bxb4 {(
03)} 23. Nxb4 {(3)} Nd6 {(3)} 24. Nbd3 {(3)}
Ke7 {(3)} 25. Ke2 {(3)} Nb8 {(3)} 26. Ne1 {
(3)} Nd7 {(3)} 27. Nc2 {(3)} Nb8 {(
03)} 28. Nd3 {(3)} Nd7 {(3)} 29. Nc1 {(3)} Nb8
{(3)} 30. Nd3 {(3)} Nd7 1/2-1/2

[Event "Your Next Move GCT 2017-Blitz"]
[Site "Leuven"]
[Date "2017.07.01"]
[Round "9"]
[White "Nepomniachtchi, Ian"]
[Black "Vachier Lagrave, Maxime"]
[Result "1-0"]
[ECO "B90"]
[WhiteElo "2793"]
[BlackElo "2890"]
[Annotator ""]
[PlyCount "131"]
[EventDate "2017.??.??"]
[EventType "blitz"]
[EventCountry "BEL"]
[SourceTitle "playchess.com"]
[Source "ChessBase"]
[SourceQuality "1"]
[TimeControl "300+3"]

1. e4 {()} c5 {(3)} 2. Nf3 {(3)} d6 {(
03)} 3. d4 {(3)} cxd4 {(3)} 4. Nxd4 {(3)}
Nf6 {(3)} 5. Nc3 {(3)} a6 {(3)} 6. h4 {
(3)} e5 {(4)} 7. Nb3 {(3)} Be7 {(6]
} 8. Bg5 {(9)} Nbd7 {(6)} 9. a4 {(3)} h6 {
(19)} 10. Be3 {(3)} b6 {(3)} 11. Bc4 {(
08)} Bb7 {(3)} 12. f3 {(3)} Nh5 {(11)} 13.
Bf2 {(8)} Ndf6 {(15)} 14. g3 {(5)} Qc7 {
(5)} 15. Qe2 {(11)} O-O {(3)} 16. O-O-O {
(3)} Rfc8 {(4)} 17. Nd2 {(1:16)} b5 {(
06)} 18. Bb3 {(3)} b4 {(10)} 19. Nd5 {(3)} Nxd5
{(3)} 20. exd5 {(3)} Bxd5 {(3)} 21. Kb1 {
(6)} Bxb3 {(4)} 22. Nxb3 {(3)} Qc4 {(
10)} 23. Qd2 {(3)} Qc6 {(26)} 24. Qe2 {(5)}
Rc7 {(14)} 25. a5 {(5)} Rac8 {(3)} 26. Rd2 {
(3)} Qc4 {(4)} 27. Qd1 {(3)} Qe6 {(
11)} 28. Re1 {(3)} Rc4 {(5)} 29. g4 {(23)} Nf4
{(12)} 30. Nd4 {(3)} Qd7 {(13)} 31. Nf5 {
(3)} Qb7 {(14)} 32. Bg3 {(30)} Ne6 {(
17)} 33. Bxe5 {(21)} dxe5 {(21)} 34. Rd7 {(3)}
R8c7 {(3)} 35. Nxe7+ {(3)} Kh7 {(6)} 36. Qd3+
{(11)} e4 {(3)} 37. Rxc7 {(3)} Rxc7 {(
24)} 38. Rxe4 {(6)} g6 {(8)} 39. Rxe6 {(5)}
Rxe7 {(3)} 40. Rxe7 {(3)} Qxe7 {(3)} 41. Qxa6
{(3)} Qxh4 {(12)} 42. Qc4 {(6)} Qe1+ {(
23)} 43. Ka2 {(3)} b3+ {(3)} 44. Kxb3 {(3)}
Qxa5 {(3)} 45. Qxf7+ {(3)} Kh8 {(3)} 46. Qxg6
{(50)} Qd5+ {(3)} 47. Kb4 {(3)} Qd4+ {(
03)} 48. Ka3 {(4)} Qa7+ {(13)} 49. Kb3 {(3)}
Qb7+ {(3)} 50. Kc4 {(3)} Qxb2 {(3)} 51. Qxh6+
{(3)} Kg8 {(3)} 52. Qg6+ {(3)} Kh8 {(
03)} 53. Qe4 {(3)} Qa2+ {(4)} 54. Kd4 {(3)}
Qa7+ {(3)} 55. Ke5 {(3)} Qe7+ {(3)} 56. Kd4 {
(3)} Qa7+ {(3)} 57. Kd3 {(3)} Qa6+ {(
03)} 58. Qc4 {(3)} Qg6+ {(3)} 59. Ke2 {(3)}
Qf7 {(4)} 60. Qd4+ {(3)} Kg8 {(3)} 61. c4 {
(3)} Qe6+ {(3)} 62. Kd2 {(3)} Qa6 {(
03)} 63. c5 {(3)} Qa2+ {(3)} 64. Ke3 {(3)}
Qe6+ {(3)} 65. Kf4 {(3)} Qf7+ {(3)} 66. Kg3
1-0

[Event "Your Next Move GCT 2017-Blitz"]
[Site "Leuven"]
[Date "2017.07.02"]
[Round "10"]
[White "Aronian, Levon"]
[Black "Vachier Lagrave, Maxime"]
[Result "0-1"]
[ECO "A48"]
[WhiteElo "2780"]
[BlackElo "2890"]
[Annotator ""]
[PlyCount "86"]
[EventDate "2017.??.??"]
[EventType "blitz"]
[EventCountry "BEL"]
[SourceTitle "playchess.com"]
[Source "ChessBase"]
[SourceQuality "1"]
[TimeControl "300+3"]

1. d4 {(0)} Nf6 {(3)} 2. Nf3 {(3)} g6 {
(3)} 3. Nbd2 {(3)} Bg7 {(4)} 4. e4 {(
03)} d6 {(3)} 5. Bd3 {(3)} O-O {(3)} 6. O-O
{(3)} Nc6 {(3)} 7. h3 {(8)} e5 {(3]
} 8. c3 {(3)} Nd7 {(12)} 9. Nb3 {(3)} a5 {
(3)} 10. Be3 {(26)} a4 {(3)} 11. Nbd2 {(
03)} a3 {(3)} 12. b3 {(3)} exd4 {(10)} 13.
Nxd4 {(13)} Nc5 {(33)} 14. Bc2 {(16)} Re8 {
(9)} 15. Rc1 {(11)} Bd7 {(9)} 16. Re1 {(
10)} Ne6 {(22)} 17. N2f3 {(3)} Ne5 {(5)} 18.
Nh2 {(29)} Nc6 {(27)} 19. Qd2 {(20)} Ncxd4 {
(8)} 20. cxd4 {(3)} c5 {(3)} 21. Nf3 {(
20)} Qa5 {(10)} 22. Rcd1 {(1:01)} Qxd2 {(3)}
23. Rxd2 {(3)} cxd4 {(3)} 24. Nxd4 {(3)} Nc5 {
(3)} 25. f3 {(21)} Rac8 {(3)} 26. Kf2 {(
18)} Na6 {(17)} 27. Bb1 {(19)} Nb4 {(3)} 28.
Red1 {(8)} Red8 {(1:16)} 29. Bg5 {(13)} Re8 {
(7)} 30. Nc2 {(34)} Bc3 {(9)} 31. Nxb4 {
(7)} Bxb4 {(3)} 32. Rc2 {(5)} Rxc2+ {(
08)} 33. Bxc2 {(3)} Rc8 {(3)} 34. Bb1 {(8)}
Be6 {(3)} 35. Bf4 {(5)} Rc6 {(6)} 36. Ke2 {
(3)} Kf8 {(4)} 37. Bd2 {(3)} Bxd2 {(
03)} 38. Kxd2 {(3)} Ke7 {(13)} 39. Re1 {(3)} g5
{(3)} 40. Re3 {(3)} Kf6 {(3)} 41. Bd3 {
(4)} Ke5 {(3)} 42. Bf1 {(3)} Kf4 {(
04)} 43. b4 {(4)} Rc2+ {(4)} 0-1

[Event "Your Next Move GCT 2017-Blitz"]
[Site "Leuven"]
[Date "2017.07.02"]
[Round "10"]
[White "Carlsen, Magnus"]
[Black "Anand, Viswanathan"]
[Result "1/2-1/2"]
[ECO "D02"]
[WhiteElo "2851"]
[BlackElo "2775"]
[Annotator ""]
[PlyCount "58"]
[EventDate "2017.??.??"]
[EventType "blitz"]
[EventCountry "BEL"]
[SourceTitle "playchess.com"]
[Source "ChessBase"]
[SourceQuality "1"]
[TimeControl "300+3"]

1. d4 Nf6 {(3)} 2. Nf3 {(3)} d5 {(3)} 3. Bf4 {
(3)} e6 {(3)} 4. e3 {(4)} Bd6 {(3)}
5. Nbd2 {(21)} O-O {(5)} 6. Bxd6 {(18)} Qxd6 {
(3)} 7. c4 {(3)} c5 {(20)} 8. dxc5 {(
08)} Qxc5 {(3)} 9. cxd5 {(6)} Qxd5 {(4)} 10.
Bc4 {(9)} Qd6 {(9)} 11. O-O {(6)} Bd7 {
(10)} 12. Be2 {(11)} Bc6 {(12)} 13. Nc4 {(
03)} Qe7 {(11)} 14. Qd6 {(11)} Qxd6 {(3)} 15.
Nxd6 {(3)} Ne4 {(4)} 16. Rfd1 {(7)} Nxd6 {
(8)} 17. Rxd6 {(3)} Rc8 {(3)} 18. Rc1 {
(48)} Kf8 {(10)} 19. Ne5 {(40)} Ke7 {(
07)} 20. Rd2 {(3)} f6 {(8)} 21. Nxc6+ {(10)}
Nxc6 {(3)} 22. Rdc2 {(3)} Kd8 {(32)} 23. Bf3 {
(5)} Rab8 {(40)} 24. Bxc6 {(45)} Rxc6 {(
03)} 25. Rxc6 {(3)} bxc6 {(3)} 26. b3 {(6)}
Kc7 {(3)} 27. Kf1 {(3)} a5 {(5)} 28. Rc4 {
(48)} Rb4 {(3)} 29. Ke2 {(5)} Rxc4 {(
03)} 1/2-1/2

[Event "Your Next Move GCT 2017-Blitz"]
[Site "Leuven"]
[Date "2017.07.02"]
[Round "10"]
[White "Giri, Anish"]
[Black "Kramnik, Vladimir"]
[Result "1/2-1/2"]
[ECO "A14"]
[WhiteElo "2764"]
[BlackElo "2789"]
[Annotator ""]
[PlyCount "94"]
[EventDate "2017.??.??"]
[EventType "blitz"]
[EventCountry "BEL"]
[SourceTitle "playchess.com"]
[Source "ChessBase"]
[SourceQuality "1"]
[TimeControl "300+3"]

1. c4 {(0)} e6 {(3)} 2. g3 {(3)} d5 {(
03)} 3. Bg2 {(3)} Nf6 {(3)} 4. Nf3 {(3)}
Be7 {(3)} 5. O-O {(3)} O-O {(3)} 6. d4 {
(3)} dxc4 {(3)} 7. Qc2 {(3)} a6 {(
03)} 8. a4 {(3)} Bd7 {(3)} 9. Qxc4 {(3)} Bc6 {
(3)} 10. Bf4 {(3)} Nbd7 {(3)} 11. Nc3 {
(3)} a5 {(4)} 12. Qd3 {(9)} h6 {(16]
} 13. Qc2 {(11)} Bb4 {(3)} 14. Rfd1 {(6)} Rc8 {
(9)} 15. Ne5 {(32)} Bxg2 {(4)} 16. Kxg2 {
(3)} Qe7 {(6)} 17. Nxd7 {(14)} Nxd7 {(
07)} 18. e4 {(6)} c6 {(5)} 19. Na2 {(15)} f5
{(27)} 20. Nxb4 {(6)} axb4 {(4)} 21. Re1 {
(21)} fxe4 {(3)} 22. Qxe4 {(14)} Rce8 {(
03)} 23. a5 {(16)} Nf6 {(4)} 24. Qe2 {(3)}
Nd5 {(7)} 25. Be5 {(3)} Rf7 {(32)} 26. Rf1 {
(16)} Ref8 {(16)} 27. a6 {(19)} bxa6 {(
05)} 28. Qxa6 {(3)} Qd7 {(33)} 29. Rac1 {(21)}
Ne7 {(5)} 30. Qc4 {(10)} Ng6 {(10)} 31. Qxc6 {
(45)} Nxe5 {(3)} 32. dxe5 {(3)} Qd2 {(
03)} 33. Qxe6 {(4)} Kh8 {(3)} 34. Qb6 {(7)}
Qxb2 {(22)} 35. e6 {(3)} Re7 {(3)} 36. Rb1 {
(14)} Qe2 {(15)} 37. Qxb4 {(28)} Qf3+ {(
03)} 38. Kg1 {(3)} Rxe6 {(3)} 39. Rb3 {(6)}
Qf7 {(3)} 40. Qc4 {(3)} Re1 {(16)} 41. Qc2 {
(26)} Qe6 {(11)} 42. Rb1 {(5)} Re2 {(
03)} 43. Qc5 {(3)} Qf5 {(13)} 44. Qb6 {(7)} Qc2
{(17)} 45. Rbc1 {(10)} Rfxf2 {(15)} 46. Qxf2 {
(7)} Rxf2 {(3)} 47. Rxc2 Rxc2 1/2-1/2

[Event "Your Next Move GCT 2017-Blitz"]
[Site "Leuven"]
[Date "2017.07.02"]
[Round "10"]
[White "Jobava, Baadur"]
[Black "So, Wesley"]
[Result "0-1"]
[ECO "B23"]
[WhiteElo "2703"]
[BlackElo "2789"]
[Annotator ""]
[PlyCount "74"]
[EventDate "2017.??.??"]
[EventType "blitz"]
[EventCountry "BEL"]
[SourceTitle "playchess.com"]
[Source "ChessBase"]
[SourceQuality "1"]
[TimeControl "300+3"]

1. e4 {(0)} c5 {(3)} 2. Nc3 {(3)} d6 {(
06)} 3. Nge2 {(3)} Nf6 {(5)} 4. g3 {(3)}
Nc6 {(3)} 5. Bg2 {(3)} g6 {(3)} 6. d3 {
(3)} Bg7 {(3)} 7. O-O {(3)} O-O {(
03)} 8. h3 {(3)} Rb8 {(3)} 9. f4 {(3)} Bd7 {
(14)} 10. g4 {(3)} b5 {(3)} 11. Ng3 {(
03)} b4 {(3)} 12. Nce2 {(3)} a5 {(7)} 13.
f5 {(3)} a4 {(3)} 14. Rb1 {(12)} Ne8 {(
18)} 15. g5 {(3)} a3 {(33)} 16. b3 {(3)} Nc7
{(3)} 17. h4 {(6)} Nb5 {(9)} 18. h5 {(
03)} Ncd4 {(3)} 19. Bd2 {(39)} Be5 {(6)} 20.
Nf4 {(3)} gxf5 {(18)} 21. exf5 {(15)} Nxf5 {
(4)} 22. Ne4 {(12)} Kh8 {(17)} 23. g6 {(
39)} Bd4+ {(3)} 24. Kh2 {(3)} Nc3 {(35)} 25.
Bxc3 {(1:26)} bxc3 {(3)} 26. Bh3 {(12)} Ne3 {
(19)} 27. Qf3 {(3)} Nxf1+ {(11)} 28. Rxf1 {
(3)} Be5 {(3)} 29. gxh7 {(14)} e6 {(
21)} 30. Rg1 {(9)} Bc6 {(24)} 31. Kh1 {(49)} Qh4
{(3)} 32. Ng2 {(14)} Bxe4 {(8)} 33. Nxh4 {
(3)} Bxf3+ 34. Nxf3 Bf6 {(8)} 35. Rg4 {(6)}
Rb4 {(3)} 36. d4 {(9)} cxd4 {(3)} 37. Rf4 {
(3)} d3 {(7)} 0-1

[Event "Your Next Move GCT 2017-Blitz"]
[Site "Leuven"]
[Date "2017.07.02"]
[Round "10"]
[White "Nepomniachtchi, Ian"]
[Black "Ivanchuk, Vassily"]
[Result "0-1"]
[ECO "B01"]
[WhiteElo "2766"]
[BlackElo "2757"]
[Annotator ""]
[PlyCount "150"]
[EventDate "2017.??.??"]
[EventType "blitz"]
[EventCountry "BEL"]
[SourceTitle "playchess.com"]
[Source "ChessBase"]
[SourceQuality "1"]
[TimeControl "300+3"]

1. e4 {(0)} d5 {(3)} 2. exd5 {(3)} Qxd5 {
(3)} 3. Nc3 {(3)} Qa5 {(3)} 4. d4 {(
03)} c6 {(3)} 5. Nf3 {(3)} Nf6 {(3)} 6. Bc4 {
(3)} Bf5 {(11)} 7. O-O {(13)} e6 {(4]
} 8. Ne2 {(10)} Nbd7 {(10)} 9. Ng3 {(3)} Bg6 {
(3)} 10. Re1 {(16)} Bd6 {(14)} 11. c3 {(
06)} O-O {(24)} 12. Nh4 {(3)} c5 {(23)} 13.
Nxg6 {(15)} hxg6 {(3)} 14. dxc5 {(18)} Qxc5 {
(3)} 15. Bf1 {(15)} Qc7 {(6)} 16. c4 {(
07)} Rfd8 {(35)} 17. b3 {(3)} Bb4 {(16)} 18.
Re2 {(3)} Ne5 {(17)} 19. Qc2 {(3)} Nd3 {
(3)} 20. a3 {(1:11)} Nxc1 {(22)} 21. Qxc1 {
(5)} Bd6 {(3)} 22. Qc2 {(11)} a5 {(
03)} 23. Ree1 {(17)} b6 {(5)} 24. Be2 {(30)} Rd7
{(5)} 25. Nf1 {(7)} Rad8 {(8)} 26. Red1 {
(3)} Bc5 {(12)} 27. Rxd7 {(3)} Rxd7 {(
03)} 28. Bf3 {(17)} Qe5 {(15)} 29. Ra2 {(13)}
Qe1 {(20)} 30. Qe2 {(9)} Qc3 {(20)} 31. b4 {
(8)} axb4 {(7)} 32. axb4 {(3)} Qxb4 {(
23)} 33. Ra8+ {(3)} Kh7 {(3)} 34. h4 {(21)}
Qc3 {(16)} 35. g3 {(28)} Qc1 {(16)} 36. Kg2 {
(3)} g5 {(4)} 37. hxg5 {(3)} Qxg5 {(
03)} 38. Nh2 {(8)} Rd2 {(17)} 39. Be4+ {(3)}
Nxe4 {(3)} 40. Qxe4+ {(5)} f5 {(3)} 41. Qh4+ {
(10)} Qxh4 {(3)} 42. gxh4 {(3)} Rxf2+ {(
05)} 43. Kg3 {(3)} Rc2 {(10)} 44. Nf3 {(3)}
Bd6+ {(4)} 45. Kh3 {(3)} Rxc4 {(3)} 46. h5 {
(4)} Rc3 {(7)} 47. Kg2 {(3)} Bf4 {(
03)} 48. Re8 {(3)} e5 {(3)} 49. Nh4 {(3)} Rg3+
{(3)} 50. Kf1 {(3)} Rg5 {(3)} 51. Rf8 {
(4)} Rxh5 {(4)} 52. Nxf5 {(3)} b5 {(
03)} 53. Nd6 {(4)} b4 {(3)} 54. Ne4 {(3)} Rh3
{(3)} 55. Rb8 {(3)} b3 {(3)} 56. Nf2 {(
03)} Rc3 {(3)} 57. Kg2 {(3)} Bc1 {(3)} 58.
Nd1 {(4)} Rc2+ {(3)} 59. Kf3 {(3)} b2 {
(3)} 60. Nf2 {(3)} Rc3+ {(5)} 61. Kg4 {
(3)} Ra3 {(3)} 62. Nd1 {(3)} Ra1 {(
03)} 63. Nc3 {(3)} Bd2 {(3)} 64. Ne4 {(4)}
b1=Q {(3)} 65. Rxb1 {(3)} Rxb1 {(3)} 66. Nxd2
{(3)} Rb4+ {(3)} 67. Kf5 {(3)} Kh6 {(
03)} 68. Kxe5 {(3)} Kg5 {(3)} 69. Nf3+ {(3]
} Kg4 {(3)} 70. Nh2+ {(3)} Kg3 {(3)} 71. Nf1+
{(3)} Kh4 {(3)} 72. Nd2 {(3)} g5 {(
03)} 73. Nf3+ {(3)} Kh5 {(3)} 74. Ng1 {(4)} g4
{(3)} 75. Ne2 {(3)} Kh4 {(3] Kd4} 0-1

[Event "Your Next Move GCT 2017-Blitz"]
[Site "Leuven"]
[Date "2017.07.02"]
[Round "11"]
[White "Anand, Viswanathan"]
[Black "So, Wesley"]
[Result "1-0"]
[ECO "C50"]
[WhiteElo "2775"]
[BlackElo "2789"]
[Annotator ""]
[PlyCount "81"]
[EventDate "2017.??.??"]
[EventType "blitz"]
[EventCountry "BEL"]
[SourceTitle "playchess.com"]
[Source "ChessBase"]
[SourceQuality "1"]
[TimeControl "300+3"]

1. e4 {(0)} e5 {(3)} 2. Nf3 {(3)} Nc6 {
(3)} 3. Bc4 {(3)} Bc5 {(3)} 4. O-O {(
03)} Nf6 {(3)} 5. d3 {(3)} a6 {(3)} 6. a4 {
(5)} h6 {(3)} 7. c3 {(3)} d6 {(3)}
8. Re1 {(8)} O-O {(4)} 9. h3 {(3)} Re8 {
(18)} 10. Nbd2 {(21)} Be6 {(11)} 11. Bxe6 {
(3)} Rxe6 {(3)} 12. b4 {(3)} Ba7 {(
03)} 13. Qc2 {(3)} Qd7 {(7)} 14. Nf1 {(13)} d5
{(20)} 15. Be3 {(9)} Bxe3 {(17)} 16. Nxe3 {
(3)} Rd8 {(13)} 17. b5 {(8)} axb5 {(
12)} 18. axb5 {(3)} Ne7 {(3)} 19. c4 {(3)}
dxe4 {(34)} 20. dxe4 {(4)} Ng6 {(3)} 21. Ra7 {
(16)} c6 {(3)} 22. Rd1 {(15)} Qc8 {(
22)} 23. Rxd8+ {(3)} Qxd8 {(3)} 24. Rxb7 {(3)}
Qc8 {(3)} 25. Rb6 {(28)} cxb5 {(24)} 26. Rxb5 {
(12)} Nd7 {(31)} 27. Nd5 {(18)} Rc6 {(
07)} 28. Nd2 {(3)} Nc5 {(7)} 29. Qb2 {(14)} Kh7
{(5)} 30. Rb8 {(3)} Qe6 {(22)} 31. Qb5 {
(3)} Nf4 {(7)} 32. Ra8 {(24)} Qg6 {(
46)} 33. Nxf4 {(3)} exf4 {(3)} 34. Qb8 {(10)}
Qf6 {(3)} 35. Nf3 {(7)} Nd7 {(9)} 36. Qe8 {
(8)} Rd6 {(25)} 37. e5 {(6)} Rd1+ {(
03)} 38. Kh2 {(3)} Qe6 {(11)} 39. Qh8+ {(3)}
Kg6 {(3)} 40. Rg8 {(3)} Kf5 {(6)} 41. Qxg7 {
(4)} 1-0

[Event "Your Next Move GCT 2017-Blitz"]
[Site "Leuven"]
[Date "2017.07.02"]
[Round "11"]
[White "Ivanchuk, Vassily"]
[Black "Aronian, Levon"]
[Result "1-0"]
[ECO "C89"]
[WhiteElo "2757"]
[BlackElo "2780"]
[Annotator ""]
[PlyCount "49"]
[EventDate "2017.??.??"]
[EventType "blitz"]
[EventCountry "BEL"]
[SourceTitle "playchess.com"]
[Source "ChessBase"]
[SourceQuality "1"]
[TimeControl "300+3"]

1. e4 {(0)} e5 {(3)} 2. Nf3 {(3)} Nc6 3. Bb5
a6 4. Ba4 Nf6 {(9)} 5. O-O {(9)} Be7 {(3)} 6.
Re1 {(3)} b5 7. Bb3 O-O {(6)} 8. c3 {(6)} d5 {
(3)} 9. exd5 {(3)} Nxd5 {(3)} 10. Nxe5 {
(3)} Nxe5 {(3)} 11. Rxe5 {(3)} Bb7 {(
03)} 12. d4 {(5)} Bf6 {(9)} 13. Re1 {(5)}
Re8 {(5)} 14. Be3 {(4)} c5 {(41)} 15. Nd2 {
(18)} cxd4 {(48)} 16. Bxd4 {(3)} Rxe1+ {(
13)} 17. Qxe1 {(3)} Nf4 {(18)} 18. Ne4 {(1:20)}
Bxd4 {(16)} 19. Rd1 {(3)} Qe7 {(2:32)} 20. Rxd4 {
(3)} Re8 {(6)} 21. f3 {(32)} Kh8 {(
03)} 22. Qd2 {(6)} Qe5 {(3)} 23. Bxf7 {(18)}
Rf8 {(6)} 24. Rd8 {(5)} Ne2+ {(15)} 25. Kf2 {
(14)} 1-0

[Event "Your Next Move GCT 2017-Blitz"]
[Site "Leuven"]
[Date "2017.07.02"]
[Round "11"]
[White "Kramnik, Vladimir"]
[Black "Carlsen, Magnus"]
[Result "0-1"]
[ECO "C55"]
[WhiteElo "2789"]
[BlackElo "2851"]
[Annotator ""]
[PlyCount "58"]
[EventDate "2017.??.??"]
[EventType "blitz"]
[EventCountry "BEL"]
[SourceTitle "playchess.com"]
[Source "ChessBase"]
[SourceQuality "1"]
[TimeControl "300+3"]

1. e4 {(0)} e5 {(3)} 2. Nf3 {(3)} Nc6 {
(3)} 3. Bc4 {(3)} Nf6 {(3)} 4. d3 {(
03)} Qe7 {(3)} 5. Nc3 {(8)} Na5 {(5)} 6. O-O {
(17)} c6 {(10)} 7. a4 {(8)} Nxc4 {(3]
} 8. dxc4 {(3)} d6 {(3)} 9. b3 {(4)} Qc7 {
(5)} 10. Bg5 {(12)} Be7 {(3)} 11. a5 {(
19)} O-O {(3)} 12. Qd3 {(4)} h6 {(6)} 13.
Bh4 {(6)} Be6 {(7)} 14. Rfd1 {(3)} Rfd8 {
(20)} 15. Qe3 {(11)} b6 {(8)} 16. axb6 {(
12)} axb6 {(3)} 17. h3 {(7)} g5 {(47)} 18.
Nxg5 {(24)} Rxa1 {(15)} 19. Rxa1 {(4)} hxg5 {
(3)} 20. Qxg5+ {(4)} Kh7 {(5)} 21. Qe3 {
(33)} Rg8 {(11)} 22. f4 {(49)} Nh5 {(1:
16)} 23. fxe5 {(1:19)} Bxh4 {(9)} 24. Qf3 {(3)}
Rg5 {(11)} 25. exd6 {(30)} Qxd6 {(3)} 26. Ne2 {
(3)} Ng3 {(10)} 27. Nc3 {(12)} Qd4+ {(
10)} 28. Kh2 {(3)} Qe5 {(3)} 29. Kg1 {(3)}
Qxc3 {(3)} 0-1

[Event "Your Next Move GCT 2017-Blitz"]
[Site "Leuven"]
[Date "2017.07.02"]
[Round "11"]
[White "Nepomniachtchi, Ian"]
[Black "Jobava, Baadur"]
[Result "1/2-1/2"]
[ECO "A06"]
[WhiteElo "2766"]
[BlackElo "2703"]
[Annotator ""]
[PlyCount "82"]
[EventDate "2017.??.??"]
[EventType "blitz"]
[EventCountry "BEL"]
[SourceTitle "playchess.com"]
[Source "ChessBase"]
[SourceQuality "1"]
[TimeControl "300+3"]

1. Nf3 {(0)} d5 {(3)} 2. g3 {(3)} c6 {(
03)} 3. c4 {(3)} dxc4 {(3)} 4. Bg2 {(3)}
Nd7 {(3)} 5. Na3 {(10)} e5 {(3)} 6. Nxc4 {
(9)} e4 {(3)} 7. Nd4 {(16)} Nb6 {(3]
} 8. Nxb6 {(3)} axb6 {(3)} 9. e3 {(3)} Nf6 {
(3)} 10. b3 {(6)} Bd6 {(1:28)} 11. Bb2 {(
03)} O-O {(3)} 12. O-O {(3)} Re8 {(3)} 13.
Qc2 {(3)} Be5 {(6)} 14. h3 {(8)} h6 {(
09)} 15. Rfd1 {(4)} Qe7 {(23)} 16. d3 {(6)}
c5 {(12)} 17. dxe4 {(26)} cxd4 {(6)} 18. exd4 {
(3)} Bb8 {(12)} 19. e5 {(3)} Nh7 {(
07)} 20. f4 {(7)} b5 {(19)} 21. d5 {(3)} Ba7+ {
(8)} 22. Kh2 {(3)} Qc5 {(5)} 23. Qd3 {(
22)} Qf2 {(24)} 24. Rd2 {(3)} Qe3 {(3)} 25.
d6 {(53)} Qxd3 {(9)} 26. Rxd3 {(3)} Nf8 {
(3)} 27. g4 {(5)} Bd7 {(29)} 28. Bxb7 {(
31)} Rab8 {(3)} 29. Bf3 {(17)} Ng6 {(3)} 30.
Kg3 {(5)} Rbc8 {(5)} 31. Rc1 {(49)} h5 {
(42)} 32. gxh5 {(7)} Nh4 {(3)} 33. Rc7 {
(10)} Nf5+ {(16)} 34. Kh2 {(3)} Bb6 {(
03)} 35. Rxc8 {(37)} Rxc8 {(3)} 36. Rc3 {(3)}
Rxc3 {(5)} 37. Bxc3 {(3)} Be3 {(3)} 38. Bg4 {
(3)} Bxf4+ {(3)} 39. Kg1 {(3)} Kf8 {(
08)} 40. Kf2 {(3)} Ke8 {(3)} 41. a4 {(4)}
bxa4 {(13)} 1/2-1/2

[Event "Your Next Move GCT 2017-Blitz"]
[Site "Leuven"]
[Date "2017.07.02"]
[Round "11"]
[White "Vachier Lagrave, Maxime"]
[Black "Giri, Anish"]
[Result "1/2-1/2"]
[ECO "C67"]
[WhiteElo "2890"]
[BlackElo "2764"]
[Annotator ""]
[PlyCount "102"]
[EventDate "2017.??.??"]
[EventType "blitz"]
[EventCountry "BEL"]
[SourceTitle "playchess.com"]
[Source "ChessBase"]
[SourceQuality "1"]
[TimeControl "300+3"]

1. e4 {(0)} e5 {(3)} 2. Nf3 {(3)} Nc6 {
(3)} 3. Bb5 {(3)} Nf6 {(3)} 4. O-O {(
03)} Nxe4 {(3)} 5. d4 {(3)} Nd6 {(3)} 6.
Bxc6 {(3)} dxc6 {(3)} 7. dxe5 {(3)} Nf5 {
(3)} 8. Qxd8+ {(3)} Kxd8 {(3)} 9. h3 {(
03)} Ke8 {(3)} 10. Nc3 {(3)} h5 {(3)} 11.
Bf4 {(6)} Be7 {(3)} 12. Rad1 {(6)} Be6 {
(3)} 13. Ng5 {(3)} Rh6 {(3)} 14. Rfe1 {
(4)} Bb4 {(3)} 15. g4 {(3)} hxg4 {(
03)} 16. hxg4 {(3)} Ne7 {(3)} 17. f3 {(6)}
Bxc3 {(6)} 18. bxc3 {(3)} Bxa2 {(3)} 19. Ne4 {
(5)} Rh8 {(3)} 20. e6 {(3)} Nd5 {(
36)} 21. exf7+ {(21)} Kxf7 {(3)} 22. Bxc7 {(3)}
Nxc7 {(3)} 23. Rd7+ {(3)} Kg6 {(6)} 24. Rxc7 {
(6)} Bd5 {(14)} 25. Nd2 {(34)} Rhe8 {(
34)} 26. Rxe8 {(3)} Rxe8 {(3)} 27. Kf2 {(3)}
a5 {(11)} 28. Rxb7 {(6)} Ra8 {(3)} 29. Rb6 {
(36)} a4 {(14)} 30. c4 {(3)} Be6 {(7]
} 31. Rxc6 {(3)} Kf7 {(3)} 32. Rb6 {(12)} a3 {
(3)} 33. Rb1 {(3)} a2 {(26)} 34. Ra1 {(
03)} Ra3 {(3)} 35. Kg3 {(34)} g5 {(5)} 36.
Ne4 {(3)} Kg6 {(17)} 37. Nd6 {(3)} Kf6 {
(14)} 38. Ne4+ {(38)} Ke5 {(45)} 39. Nxg5 {
(3)} Bxc4 {(3)} 40. Ne4 {(3)} Bd5 {(
27)} 41. c3 {(36)} Bxe4 {(22)} 42. fxe4 {(3)}
Kxe4 {(21)} 43. g5 {(3)} Rxc3+ {(23)} 44. Kg4 {
(10)} Rc2 {(4)} 45. g6 {(3)} Rg2+ {(
03)} 46. Kh5 {(3)} Kf5 {(6)} 47. Rf1+ {(3)}
Ke6 {(3)} 48. Kh6 {(9)} Kd5 {(16)} 49. g7 {
(5)} Rh2+ {(5)} 50. Kg6 {(3)} Rg2+ {(
03)} 51. Kf7 {(3)} Ke5 1/2-1/2

[Event "Your Next Move GCT 2017-Blitz"]
[Site "Leuven"]
[Date "2017.07.02"]
[Round "12"]
[White "Aronian, Levon"]
[Black "Nepomniachtchi, Ian"]
[Result "1-0"]
[ECO "A48"]
[WhiteElo "2793"]
[BlackElo "2732"]
[Annotator ""]
[PlyCount "67"]
[EventDate "2017.??.??"]
[EventType "blitz"]
[EventCountry "BEL"]
[SourceTitle "playchess.com"]
[Source "ChessBase"]
[SourceQuality "1"]
[TimeControl "300+3"]

1. d4 {(0)} Nf6 {(3)} 2. Nf3 {(3)} g6 {
(3)} 3. Nbd2 {(3)} Bg7 {(3)} 4. e4 {(
03)} O-O {(3)} 5. Bd3 {(4)} d6 {(3)} 6. O-O
{(3)} Nbd7 {(3)} 7. Re1 {(5)} e5 {(
03)} 8. c3 {(3)} a5 {(5)} 9. Nf1 {(11)} c6 {
(3)} 10. Ng3 {(7)} Qc7 {(3)} 11. Bg5 {(
21)} Re8 {(3)} 12. Qd2 {(6)} b5 {(3)} 13.
Bh6 {(6)} Nf8 {(13)} 14. h3 {(14)} Ne6 {(
36)} 15. Bxg7 {(3)} Kxg7 {(4)} 16. Rad1 {(
03)} Nf4 {(3)} 17. Bb1 {(21)} c5 {(32)} 18. Ne2
{(14)} N6h5 {(6)} 19. Nxf4 {(20)} Nxf4 {(
03)} 20. Nh2 {(10)} Qe7 {(9)} 21. Kh1 {(20)}
Qg5 {(14)} 22. Rg1 {(3)} Qh5 {(11)} 23. h4 {
(3)} cxd4 {(12)} 24. cxd4 {(3)} Ne6 {(
03)} 25. dxe5 {(34)} dxe5 {(3)} 26. Qd5 {(19]
} Rb8 {(3)} 27. g4 {(3)} Qxh4 {(53)} 28. Qxe5+
{(3)} Kg8 {(3)} 29. Qxb8 {(3)} Qxf2 {(
03)} 30. Qxb5 {(9)} Re7 {(12)} 31. Qe5 {(14)}
Re8 {(12)} 32. Rgf1 {(4)} Qa7 {(3)} 33. g5 {
(9)} Ba6 {(4)} 34. Ng4 {(8)} 1-0